 Dungeon Crawl Stone Soup version 0.25.1-2-g60ff931df9 (webtiles) character file.

Game seed: 3671766275684355703

15843 Qrupt the Frost Mage (level 12, -8/113 HPs)
             Began as a White Draconian Ice Elementalist on Oct 14, 2020.
             Mangled by a five-headed hydra (11 damage)
             ... on level 2 of the Lair of Beasts on Oct 19, 2020.
             The game lasted 00:55:09 (15556 turns).

Qrupt the Frost Mage (DrIE)                        Turns: 15556, Time: 00:55:09

Health: -8/113     AC: 12    Str: 12    XL:     12   Next: 4%
Magic:  22/22      EV: 14    Int: 19    God:
Gold:   582        SH:  6    Dex: 12    Spells: 11/24 levels left

rFire    . . .     SeeInvis +   C - +8 hand axe "Apsah" {holy, rPois rC+ SInv}
rCold    + + .     Gourm    .   j - +1 buckler
rNeg     . . .     Faith    .   (armour unavailable)
rPois    +         Spirit   .   y - +2 hat
rElec    .         Reflect  .   c - +0 cloak {MR+}
rCorr    .         Harm     .   m - +0 pair of gloves
MR       +....                  (no boots)
Stlth    +.........             (no amulet)
HPRegen  0.28/turn              v - ring of wizardry
MPRegen  0.18/turn              (no ring)

@: silence
A: breathe frost, unfitting armour, cold resistance 1, cold-blooded, AC +8
a: Breathe Frost


You were on level 2 of the Lair of Beasts.
You were not hungry.

You visited 2 branches of the dungeon, and saw 12 of its levels.

You collected 790 gold pieces.
You spent 208 gold pieces at shops.

Inventory:

Hand Weapons
 a - a +2 vorpal falchion
 r - a +2 short sword of draining
 C - the +8 hand axe "Apsah" (weapon) {holy, rPois rC+ SInv}
   (You bought it in a shop on level 8 of the Dungeon)

   It has been blessed by the Shining One to cause great damage to the undead
   and demons.
   It protects you from cold.
   It protects you from poison.
   It lets you see invisible.
Armour
 c - a +0 cloak of magic resistance (worn)
 j - a +1 buckler (worn)
 m - a +0 pair of gloves (worn)
 o - a +0 hat of see invisible
 y - a +2 hat (worn)
Jewellery
 v - a ring of wizardry (left hand)
Wands
 l - a wand of digging (1)
 p - a wand of polymorph (10)
 s - a wand of paralysis (3)
 x - a wand of flame (12)
 G - a wand of clouds (2)
Scrolls
 e - 7 scrolls of remove curse
 f - 4 scrolls of enchant weapon
 k - 4 scrolls of magic mapping
 A - 2 scrolls of immolation
 D - 4 scrolls of identify
 H - 2 scrolls of acquirement {unknown}
Potions
 d - 2 potions of stabbing
 g - a potion of lignification
 i - 3 potions of might
 n - 3 potions of heal wounds {unknown}
 u - a potion of ambrosia {unknown}
 w - a potion of resistance {unknown}
 E - 2 potions of flight {unknown}
 I - a potion of cancellation {unknown}
 J - a potion of invisibility {unknown}
 K - a potion of brilliance {unknown}
Comestibles
 b - 7 rations


   Skills:
 + Level 12.5 Fighting
 + Level 5.2 Dodging
 - Level 1.7 Stealth
 - Level 4.0 Shields
 + Level 6.9 Spellcasting
 - Level 3.5 Summonings
 + Level 14.2 Ice Magic


You had 11 spell levels left.
You knew the following spells:

 Your Spells              Type           Power        Failure   Level  Hunger
a - Freeze                Ice            ####         1%          1    None
b - Frozen Ramparts       Ice            ######       1%          3    #......
c - Ozocubu's Armour      Chrm/Ice       ####....     1%          3    #......
d - Summon Ice Beast      Ice/Summ       #####...     1%          4    ###....
e - Ensorcelled Hibernat  Hex/Ice        ####..       1%          2    None

Your spell library contained the following spells:

 Spells                   Type           Power        Failure   Level  Hunger
 Hailstorm                Conj/Ice       ####....     2%          4    ###....
 Corona                   Hex            #......      4%          1    None
 Infusion                 Chrm           #...         4%          1    None
 Shroud of Golubria       Chrm/Tloc      #.....       6%          2    None
 Slow                     Hex            #.......     6%          2    None
 Song of Slaying          Chrm           #.......     6%          2    None
 Confusing Touch          Hex            #.......     12%         3    #......
 Dazzling Flash           Conj/Hex       #.....       12%         3    #......
 Inner Flame              Hex/Fire       #.......     12%         3    #......
 Portal Projectile        Hex/Tloc       #.....       12%         3    #......
 Spectral Weapon          Hex/Chrm       #.......     12%         3    #......
 Tukima's Dance           Hex            #.......     12%         3    #......
 Cause Fear               Hex            #.........   38%         4    ###....
 Leda's Liquefaction      Hex/Erth       #.........   38%         4    ###....
 Silence                  Hex/Air        #.........   71%         5    #####..
 Yara's Violent Unravell  Hex/Tmut       #.........   71%         5    #####..
 Discord                  Hex            #.........   100%        8    #######


Dungeon Overview and Level Annotations

Branches:
Dungeon (8/15)             Temple (0/1) D:4            Lair (4/6) D:8
  Swamp (0/4) Lair:3
  Snake: Lair:2-4    Spider: Lair:2-4

Altars:
Dithmenos
Xom
The Shining One

Shops:
D:5 [:}   D:8 *

Annotations:
Lair:4 exclusion: oklob plant


Innate Abilities, Weirdness & Mutations

You can breathe waves of freezing cold.
You can buffet flying creatures when you breathe cold.
Your icy white scales are hard. (AC +8)
You cannot fit into any form of body armour.
Your flesh is cold resistant. (rC+)
You are cold-blooded and may be slowed by cold attacks.


Message History

The elephant closely misses you. The elephant trunk-slaps you.
* * * LOW HITPOINT WARNING * * *
You block the five-headed hydra's attack.
The five-headed hydra bites you.
* * * LOW HITPOINT WARNING * * *
The five-headed hydra bites you.
* * * LOW HITPOINT WARNING * * *
The five-headed hydra closely misses you.
The five-headed hydra misses you.
As you read the scroll labeled XYSIUR MUYDGHOFF, it crumbles to dust.
A profound silence engulfs you.
It was a scroll of silence.
The elephant tramples you but does no damage.
The elephant misses you. x2
The elephant trunk-slaps you but does no damage.
The five-headed hydra bites you but does no damage. x2
The five-headed hydra bites you!
* * * LOW HITPOINT WARNING * * *
You block the five-headed hydra's attack.
The five-headed hydra bites you!
You die...

#...####............#
#....#.....#....#...#
##.##....###.8.#.#...
####...###....####..
#...###.......#..
###<.8.....<....#8.
#§#§....#......##..
##Y#..##.#...####..
#Y@#...###.8.###...
##D##...#....##...#
#§§##............#
###.####..........##
#....####.......#..#
#....P#.###...#.#...
###.......# #.8.#.....
#......#.## #.#...##..
####...##.###....#.#..


You could see a five-headed hydra (inner flame) and 2 elephants.

Vanquished Creatures
  Gastronok (D:8)
  A wolf spider (Lair:2)
  3 elephants
  A spiny frog (Lair:3)
  A rime drake (Lair:3)
  3 komodo dragons (Lair:2)
  A troll (D:5)
  Prince Ribbit (D:8)
  A hippogriff (D:8)
  A wyvern (Lair:2)
  6 yaks
  Grum (D:8)
  4 basilisks
  4 water moccasins
  3 porcupines
  An orc warrior (D:7)
  A sky beast (D:7)
  2 black bears
  A necrophage (D:8)
  2 ogres
  2 centaurs
  14 wolves
  4 crocodiles
  A big kobold (D:8)
  3 bullfrogs
  A scorpion (D:6)
  2 wights (D:7)
  6 howler monkeys
  An electric eel (Lair:2)
  7 crimson imps
  A bullfrog zombie (D:7)
  2 centaur zombies
  3 bullfrog skeletons
  A jelly (D:5)
  A gnoll shaman (D:4)
  4 hounds
  8 orc wizards
  4 orc priests
  Crazy Yiuf (D:7)
  5 iguanas
  3 worker ants
  A hound skeleton (D:8)
  A howler monkey zombie (D:5)
  A worker ant zombie (D:5)
  18 gnolls
  15 adders
  A shadow imp (D:7)
  An ooze (D:1)
  An adder skeleton (D:5)
  A worm (D:3)
  2 dart slugs
  2 leopard geckos
  36 orcs
  2 ball pythons
  6 giant cockroaches
  9 goblins
  4 hobgoblins
  16 jackals
  2 quokkas
  6 bats
  6 frilled lizards
  A jackal skeleton (D:5)
  5 kobolds
  A leopard gecko skeleton (D:6)
  A quokka zombie (D:5)
  8 rats
  4 fungi
264 creatures vanquished.

Vanquished Creatures (collateral kills)
  Rupert (Lair:3)
  Harold (Lair:2)
  A hydra (Lair:3)
  A black mamba (Lair:2)
  4 spiny frogs
  2 rime drakes (Lair:2)
  A komodo dragon (Lair:3)
  2 hippogriffs
  A basilisk (D:8)
  2 water moccasins
  3 porcupines (Lair:1)
  An ice beast (D:8)
  4 wolves
  3 crocodiles
  A bullfrog (Lair:3)
  2 wights (D:7)
  A quasit (D:7)
  A centaur skeleton (D:8)
  An iguana (D:8)
  5 adders (Lair:2)
  A fungus (Lair:3)
39 creatures vanquished.

Vanquished Creatures (others)
  10 fungi
  13 plants
23 creatures vanquished.

Grand Total: 326 creatures vanquished

Notes
Turn   | Place    | Note
-------+----------+-------------------------------------------
     0 | D:1      | Qrupt the Draconian Ice Elementalist began the quest for
                  | the Orb.
     0 | D:1      | Reached XP level 1. HP: 14/14 MP: 3/3
    76 | D:1      | Reached skill level 1 in Fighting
    98 | D:1      | Reached XP level 2. HP: 18/23 MP: 0/5
   798 | D:2      | Reached XP level 3. HP: 26/29 MP: 1/6
   909 | D:2      | Noticed a black bear
  1340 | D:3      | Reached XP level 4. HP: 27/37 MP: 2/8
  1505 | D:2      | Reached XP level 5. HP: 28/44 MP: 4/9
  1552 | D:2      | Learned a level 3 spell: Frozen Ramparts
  1791 | D:2      | Killed a black bear
  1791 | D:2      | Reached skill level 5 in Ice Magic
  2008 | D:3      | Reached XP level 6. HP: 45/51 MP: 3/11
  3154 | D:4      | Your scales start taking on an icy white colour.
  3154 | D:4      | Reached skill level 7 in Ice Magic
  3154 | D:4      | Reached XP level 7. HP: 38/60 MP: 6/13
  3154 | D:4      | Gained mutation: Your flesh is cold resistant. (rC+) [White
                  | Draconian growth]
  3346 | D:4      | Learned a level 3 spell: Ozocubu's Armour
  3351 | D:4      | Learned a level 4 spell: Summon Ice Beast
  3396 | D:4      | Found a staircase to the Ecumenical Temple.
  4023 | D:5      | Entered Level 5 of the Dungeon
  4087 | D:5      | Reached skill level 5 in Fighting
  4146 | D:5      | Found Rovikla's Armour Emporium.
  4199 | D:5      | Found Kaesaz's Book Shop.
  4481 | D:5      | Reached skill level 1 in Shields
  4481 | D:5      | Reached skill level 1 in Summonings
  4612 | D:5      | Found Dugi's Gadget Boutique.
  4956 | D:5      | Noticed a troll
  4965 | D:5      | Killed a troll
  4965 | D:5      | Reached skill level 8 in Ice Magic
  4965 | D:5      | Reached XP level 8. HP: 37/70 MP: 7/15
  5162 | D:5      | Found a glowing golden altar of the Shining One.
  5162 | D:5      | Found a shimmering altar of Xom.
  5549 | D:6      | Learned a level 2 spell: Ensorcelled Hibernation
  6171 | D:7      | Reached skill level 9 in Ice Magic
  6452 | D:7      | Reached XP level 9. HP: 61/78 MP: 3/16
  7709 | D:7      | Found a runed translucent door.
  7710 | D:7      | Noticed Crazy Yiuf
  7806 | D:7      | Killed Crazy Yiuf
  7940 | D:8      | Reached skill level 10 in Ice Magic
  8076 | D:8      | Found a staircase to the Lair.
  8091 | D:8      | Reached skill level 11 in Ice Magic
  8156 | D:8      | Noticed Grum
  8168 | D:8      | Killed Grum
  8298 | D:8      | Reached XP level 10. HP: 91/91 MP: 17/17
  8397 | D:8      | Noticed Prince Ribbit
  8432 | D:8      | Killed Prince Ribbit
  8462 | D:8      | Reached skill level 10 in Fighting
  8692 | D:8      | Found Zius's Assorted Antiques.
  8695 | D:8      | Bought a scorched hand axe for 208 gold pieces
  8695 | D:8      | Identified the +8 hand axe "Apsah" {holy, rPois rC+ SInv}
                  | (You bought it in a shop on level 8 of the Dungeon)
  8850 | D:8      | Noticed Gastronok
  8894 | D:8      | Killed Gastronok
  8894 | D:8      | Reached skill level 12 in Ice Magic
  9001 | D:8      | Found a shadowy altar of Dithmenos.
  9157 | Lair:1   | Entered Level 1 of the Lair of Beasts
  9372 | Lair:1   | Noticed a spiny frog
  9381 | Lair:1   | Killed a spiny frog
  9682 | Lair:1   | Reached skill level 13 in Ice Magic
 10174 | Lair:1   | Noticed a spiny frog
 10181 | Lair:1   | Killed a spiny frog
 10515 | Lair:1   | Reached skill level 5 in Spellcasting
 10880 | Lair:2   | Reached XP level 11. HP: 89/102 MP: 11/18
 11267 | Lair:2   | Noticed Harold
 11274 | Lair:2   | Killed Harold
 11641 | Lair:2   | Noticed a wolf spider
 11987 | Lair:2   | Killed a wolf spider
 12956 | Lair:3   | Noticed Rupert
 13354 | Lair:3   | Noticed an eight-headed hydra
 13515 | Lair:3   | Killed an eight-headed hydra
 13739 | Lair:3   | Found a staircase to the Swamp.
 14033 | Lair:3   | Killed Rupert
 14033 | Lair:3   | Reached skill level 14 in Ice Magic
 14476 | Lair:3   | Reached skill level 5 in Dodging
 14600 | Lair:4   | Noticed an oklob plant
 14613 | Lair:4   | Reached XP level 12. HP: 87/113 MP: 11/22
 14623 | Lair:4   | Noticed a five-headed hydra
 15556 | Lair:2   | HP: 3/113 [five-headed hydra (8)]
 15556 | Lair:2   | Mangled by a five-headed hydra

Illustrated notes

Levels and vault maps discovered:
D:1:      dpeg_arrival_more_subterranean_lakeside_camping, layout_rooms,
          minmay_misc_feat_rows
D:2:      layout_rooms
D:3:      layout_basic
D:4:      layout_basic, minmay_temple_entry_enclosed_plants
D:5:      layout_loops_cross, gammafunk_temple_overflow_elements, first_ration,
          serial_shops, shop, nicolae_shop_stone, nicolae_shop_window_shopping
D:6:      layout_rooms
D:7:      layout_layer_cave, grunt_ministairs_7, uniq_crazy_yiuf_cottage
D:8:      layout_loops_ring, marbit_many_paths, minmay_lair_entry_grove,
          serial_shops, nicolae_shop_behind_doors, uniq_gastronok, uniq_grum,
          uniq_prince_ribbit1
Lair:1:   layout_hall_layers
Lair:2:   minmay_lair_venomous_thicket, layout_misc_corridors,
          serial_bayou_lagoon_b, grunt_megastairs_5, uniq_harold
Lair:3:   layout_long_grid, swamp_mist, uniq_rupert
Lair:4:   layout_roguey, spider_nest_entry_funnel_web,
          gammafunk_ghost_hydra_chop, minivault_11, minmay_lair_oklob_chamber

Skill      XL: |  1  2  3  4  5  6  7  8  9 10 11 |
---------------+----------------------------------+-----
Fighting       | 1 2 3 4 5 6 9 11 12 | 12.5
Spellcasting   | 3 4 5 6 |  6.9
Ice Magic      | 5 7 8 9 11 13 14 | 14.2
Shields        | 2 3 4 |  4.0
Summonings     | 2 3 |  3.5
Dodging        | 2 5 |  5.2
Stealth        | |  1.7

Action                   |  1- 3 |  4- 6 |  7- 9 | 10-12 || total
-------------------------+-------+-------+-------+-------++-------
Melee: Unarmed           |    32 |       |       |       ||    32
       Tailslap          |     6 |     2 |    28 |    34 ||    70
       Falchion          |       |    15 |     3 |       ||    18
       Short sword       |       |       |   214 |    47 ||   261
       Hand axe          |       |       |       |   217 ||   217
 Cast: Freeze            |    46 |    76 |   101 |    20 ||   243
       Frozen Ramparts   |       |     6 |    19 |    23 ||    48
       Summon Ice Beast  |       |       |    13 |    63 ||    76
       Ozocubu's Armour  |       |       |     3 |     4 ||     7
       Ensorcelled Hiber |       |       |       |     2 ||     2
Evoke: Wand              |       |       |       |     1 ||     1
  Use: Scroll            |       |     2 |     3 |    11 ||    16
       Potion            |       |       |       |     3 ||     3
 Stab: Sleeping          |       |     2 |     4 |     4 ||    10
       Distracted        |       |       |       |     1 ||     1
  Eat: Chunk             |     2 |     6 |    13 |    14 ||    35
       Ration            |       |       |     2 |     6 ||     8
Armor: Skin              |    22 |    30 |   114 |   160 ||   326
Dodge: Dodged            |    51 |    52 |   224 |   245 ||   572
Block: Buckler           |       |       |    32 |    84 ||   116
       Rpst.: Falchion   |       |     8 |    12 |       ||    20
